 Dungeon Crawl Stone Soup version 0.17.2-1-ge4368a0 (webtiles) character file.

163 Goblin1989 the Vexing (level 5, 0/37 HPs)
             Began as a Vampire Enchanter on Oct 15, 2018.
             Slain by an orc
             ... wielding a +0 falchion
              (7 damage)
             ... on level 3 of the Dungeon.
             The game lasted 00:08:05 (2398 turns).

Goblin1989 the Vexing (Vampire Enchanter)           Turns: 2398, Time: 00:08:06

Health: 0/37       AC:  3    Str:  7    XL:     5   Next: 20%
Magic:  1/8        EV: 13    Int: 19    God:
Gold:   170        SH:  0    Dex: 14    Spells: 3 memorised, 2 levels left

rFire  . . .     SeeInvis +     a - +1 dagger
rCold  + + .     Clarity  .     b - +1 robe
rNeg   + + +     SustAt   .     (no shield)
rPois  +         Gourm    .     (no helmet)
rElec  .         Spirit   .     (no cloak)
rCorr  .         Warding  .     (no gloves)
rMut   .         Stasis   .     (no boots)
MR     .....                    (no amulet)
Stlth  ++++......               (no ring)
                                l - ring of flight

@: regenerating slowly, not resistant to hostile enchantments, stealthy
A: fangs 3, see invisible, unbreathing
a: Bat Form, Evoke Flight


You were on level 3 of the Dungeon.
You were near bloodless.

You visited 1 branch of the dungeon, and saw 3 of its levels.

You collected 170 gold pieces.

Inventory:

Hand Weapons
 a - a +1 dagger (weapon)
Armour
 b - a +1 robe (worn)
Jewellery
 l - a ring of flight (left hand)
 t - an uncursed ring of teleportation
Scrolls
 d - 6 scrolls of remove curse {@r2}
 h - a scroll of blinking {unknown}
 i - 2 scrolls of random uselessness {unknown}
 k - a scroll of enchant weapon {unknown}
 R - 3 scrolls of identify {@r1}
 T - a scroll of teleportation {@r3, !r}
Potions
 f - a potion of lignification {unknown}
 j - a potion of cancellation
 m - a potion of agility {unknown}
Books
 c - a book of Maledictions

   Spells                             Type                      Level
   a - Corona                         Hexes                        1
   b - Ensorcelled Hibernation        Hexes/Ice                    2
   c - Confuse                        Hexes                        3
   d - Tukima's Dance                 Hexes                        3
   e - Dazzling Spray                 Conjuration/Hexes            3


   Skills:
 + Level 1.0 Fighting
 * Level 2.0 Short Blades
 + Level 2.5 Dodging
 + Level 6.2 Stealth
 + Level 2.4 Spellcasting
 + Level 6.2 Hexes


You had 2 spell levels left.
You knew the following spells:

 Your Spells              Type           Power        Failure   Level  Hunger
a - Corona                Hex            ####...      1%          1    #......
x - Confuse               Hex            ####....     4%          3    ###....
z - Ensorcelled Hibernat  Hex/Ice        ##....       10%         2    ##.....


Dungeon Overview and Level Annotations

Branches:
Dungeon (3/15)

Altars:
Qazlal


Innate Abilities, Weirdness & Mutations

You heal slowly.
You have razor-sharp teeth.
You have supernaturally acute eyesight.
You can survive without breathing.


Message History

The orc wizard seems to speed up.
The orc moves out of view.
The orc wizard casts a spell.
The orc wizard blinks!
Casting: Ensorcelled Hibernation
Confirm with . or Enter, or press ? or * to list all spells.
Aiming: Ensorcelled Hibernation
Press: ? - help, Shift-Dir - straight line, f - orc
Aim: an orc, wielding a club (chance to defeat MR: 81%)
The orc looks drowsy...
You now have 6/8 mp.
The helpless orc fails to defend itself.
You bite the orc, and draw its blood!
You feel slightly less thirsty.
You impale the orc!!
You kill the orc!
Your Short Blades skill increases to level 2!
Unknown command.
Unknown command.
Things that are here:
a club; an orc corpse
Casting: Ensorcelled Hibernation
Confirm with . or Enter, or press ? or * to list all spells.
Aiming: Ensorcelled Hibernation
Press: ? - help, Shift-Dir - straight line, f - orc
Aim: an orc, wielding a whip and wearing a scale mail (chance to defeat MR: 81%)
The orc looks drowsy...
You now have 4/8 mp.
The helpless orc fails to defend itself.
You bite the orc, and draw its blood!
You feel slightly less thirsty.
You impale the orc!!
You kill the orc!
The orc wizard gestures wildly while chanting.
The orc wizard blinks!
Casting: Ensorcelled Hibernation
Confirm with . or Enter, or press ? or * to list all spells.
Aiming: Ensorcelled Hibernation
Press: ? - help, Shift-Dir - straight line, f - rat
Aim: a rat (chance to defeat MR: 81%)
The rat resists with significant effort.
The rat bites you but does no damage.
You now have 2/8 mp.
You hit the rat.
The rat is moderately wounded.
The rat misses you.
You hit the rat but do no damage.
The orc wizard gestures wildly while chanting.
The orc wizard blinks!
The rat bites you but does no damage.
You hit the rat.
You kill the rat!
The orc hits you with a falchion.
Things that are here:
a whip; a scale mail; an orc corpse You take 6 damage, and have 31/37 hp.
You closely miss the orc.
The orc wizard mumbles some strange words.
The orc wizard blinks!
The orc hits you with a falchion!
You take 8 damage, and have 23/37 hp.
O_OOPS!!
MASSIVE DAMAGE!!
You barely miss the orc. The orc hits you with a falchion.
You take 4 damage, and have 19/37 hp.
You hit the orc wizard.
The orc wizard is lightly wounded.
The orc wizard casts a spell at you. The magic dart hits you!
* * * LOW HITPOINT WARNING * * *
The orc barely misses you.
You take 8 damage, and have 11/37 hp.
O_OOPS!!
MASSIVE DAMAGE!!
Casting: Ensorcelled Hibernation
Confirm with . or Enter, or press ? or * to list all spells.
Aiming: Ensorcelled Hibernation
Press: ? - help, Shift-Dir - straight line, f - orc wizard
Aim: an orc wizard, wielding an enchanted dagger and wearing a robe (lightly wounded, fast, chance to defeat MR: 45%)
The orc wizard resists with some effort.
The orc wizard misses you. The orc closely misses you.
The orc wizard hits you with an enchanted dagger.
* * * LOW HITPOINT WARNING * * *
You take 2 damage, and have 9/37 hp.
You now have 1/8 mp.
Casting: Ensorcelled Hibernation
Confirm with . or Enter, or press ? or * to list all spells.
Okay, then.
Read which item? (? for menu, Esc to quit)
As you read the scroll labeled ITZYWA QADGHESTA, it crumbles to dust.
It is a scroll of identify.
Identify which item? (\ to view known items) (? for menu, Esc to quit)
e - 2 scrolls of teleportation;
T - 2 scrolls of teleportation
R - 3 scrolls of identify The orc wizard closely misses you.
Unknown command.
Read which item? (? for menu, Esc to quit)
Really read
T - 2 scrolls of teleportation {@r3, !r}?
As you read the scroll of teleportation {@r3, !r}, it crumbles to dust.
You feel strangely unstable.
The orc wizard hits you with an enchanted dagger.
* * * LOW HITPOINT WARNING * * *
The orc barely misses you. The orc wizard misses you.
You take 2 damage, and have 7/37 hp.
Unknown command.
Drink which item? (? for menu, Esc to quit)
It was a potion of cancellation.
You feel strangely stable.
You feel magically purged. The orc hits you with a falchion!
You die...

█.██.██████..█.██..█
█............█.█...█
█..█.██████.██.█.█.█
█..█.█ █.██?....█
█..█.█ █.████.███
█..█.█ ..█ █.█
█..... ███ █.█
...███


█o█ ██.█ █@█ █o█ █o█ █.█ ... ....█ ████.█ .█ .. You could see an orc wizard and
2 orcs.

Vanquished Creatures
  Ijyb (D:2)
  Terence (D:2)
  A worker ant (D:3)
  An ooze (D:1)
  2 worms
  2 giant geckos
  5 orcs (D:3)
  3 ball pythons
  9 hobgoblins
  11 jackals
  A quokka (D:2)
  6 bats
  4 giant cockroaches
  6 giant newts
  6 goblins
  3 kobolds
  10 rats
72 creatures vanquished.

Notes
Turn   | Place    | Note
--------------------------------------------------------------
     0 | D:1      | Goblin1989 the Vampire Enchanter began the quest for the Orb.
     0 | D:1      | Reached XP level 1. HP: 13/13 MP: 3/3
   138 | D:1      | Reached XP level 2. HP: 19/19 MP: 5/5
   142 | D:1      | Learned a level 2 spell: Ensorcelled Hibernation
   194 | D:1      | Reached skill level 5 in Hexes
   380 | D:1      | Reached skill level 5 in Stealth
   590 | D:1      | Reached XP level 3. HP: 17/24 MP: 6/6
   896 | D:2      | Found a stormy altar of Qazlal.
   898 | D:2      | Noticed an earth elemental
   898 | D:2      | Noticed a water elemental
   899 | D:2      | Noticed a fire elemental
   899 | D:2      | Noticed an air elemental
   988 | D:2      | Learned a level 3 spell: Confuse
  1242 | D:2      | Noticed Terence
  1250 | D:2      | Killed Terence
  1250 | D:2      | Reached skill level 6 in Stealth
  1250 | D:2      | Reached XP level 4. HP: 30/30 MP: 4/7
  1293 | D:2      | Noticed Ijyb
  1305 | D:2      | Killed Ijyb
  1759 | D:3      | Reached XP level 5. HP: 36/36 MP: 8/8
  2193 | D:3      | Reached skill level 1 in Fighting
  2398 | D:3      | Slain by an orc

Action                   |  1- 3 |  4- 6 || total
-------------------------+-------+-------++-------
Melee: Dagger            |   151 |    69 ||   220
 Cast: Ensorcelled Hiber |     8 |    16 ||    24
  Use: Scroll            |       |     3 ||     3
       Potion            |       |     1 ||     1
 Stab: Sleeping          |    27 |    17 ||    44

Vault maps used:
D:1:      dpeg_arrival_houses_and_road
D:2:      nicolae_qazlal_style_of_elements, first_bread, uniq_iyjb, uniq_terence
